 Dungeon Sprint DCSS version 0.24-a0-250-g6074511092 (webtiles) character file.

Game seed: 10546408519963956952

7624 Redear the Warrior (level 11, -20/135 HPs)
             Began as an Ogre Fighter on Apr 15, 2019.
             Was the Champion of Cheibriados.
             Demolished by an alligator snapping turtle (44 damage)
             ... in the Dungeon (Sprint VII: "The Pits").
             The game lasted 00:06:28 (1808 turns).

Redear the Warrior (Ogre Fighter)                   Turns: 1808, Time: 00:06:29

Health: -20/135    AC:  6    Str: 37    XL:     11   Next: 18%
Magic:  13/18      EV: 21    Int: 27    God:    Cheibriados [******]
Gold:   0          SH: 15    Dex: 26    Spells: 10/10 levels left

rFire    . . .     SeeInvis .   k - +2 trident (pierce)
rCold    . . .     Gourm    .   c - +0 shield
rNeg     . . .     Faith    .   b - +0 robe
rPois    .         Spirit   .   (helmet restricted)
rElec    .         Reflect  .   (no cloak)
rCorr    .         Harm     .   (gloves unavailable)
MR       +....     NoTele   +   (boots unavailable)
Stlth    ++........             (no amulet)
HPRegen  0.32/turn              l - +3 ring of protection
MPRegen  0.16/turn              m - +3 ring of dexterity

@: very slow
A: large, unfitting armour, tough skin 1
a: Bend Time, Temporal Distortion, Slouch, Step From Time, Renounce Religion


You were in the Dungeon.
You worshipped Cheibriados.
Cheibriados was exalted by your worship.
You were near starving.

You visited 1 branch

Inventory:

Hand Weapons
 a - a +0 trident
 k - a +2 trident of piercing (weapon)
 o - a +0 lajatang
 p - a +2 halberd of protection
Armour
 b - a +0 robe (worn)
 c - a +0 shield (worn)
Jewellery
 l - a +3 ring of protection (left hand)
 m - a +3 ring of dexterity (right hand)
Scrolls
 f - 5 scrolls of amnesia
 h - a scroll of summoning
 B - a scroll of blinking {@r4}
 N - 3 scrolls of remove curse
Potions
 d - 2 potions of might {Str+5 DMG+1d10 | @q3}
 e - 2 potions of invisibility
 g - 5 potions of heal wounds {@q1}
 i - 3 potions of magic
 j - 3 potions of berserk rage
 n - 2 potions of brilliance {Archmagi Int+5 Wiz++}
 H - 2 potions of haste {@q5}
 Q - 9 potions of curing {@q2}
Comestibles
 z - 9 rations


   Skills:
 + Level 16.0 Fighting
 - Level 10.4 Polearms
 + Level 11.9 Dodging
 + Level 11.9 Shields
 + Level 7.1 Unarmed Combat
 + Level 9.8 Invocations


You had 10 spell levels left.
You didn't know any spells.
Your spell library was empty.

Dungeon Overview and Level Annotations

Branches:
Dungeon (1/1)

Altars:
Ashenzari
Cheibriados
Dithmenos
Elyvilon
Fedhas
Gozag
Hepliaklqana
Kikubaaqudgha
Makhleb
Nemelex Xobeh
Okawaru
Qazlal
Ru
Sif Muna
Trog
Uskayaw
Vehumet
Wu Jian
Xom
Yredelemnul
Zin
The Shining One
Beogh
Jiyva
Lugonu


Innate Abilities, Weirdness & Mutations

You are too large for most types of armour.
You have tough skin. (AC +1)


Message History

Magic courses through your body. The bog body misses you.
The bog body completely misses you. You block the smoke demon's attack. x2
The smoke demon closely misses you.
The dream sheep ruffles its wool and motes of dream dust sparkle, to no effect.
The alligator snapping turtle bites you from afar!!!
* * * LOW HITPOINT WARNING * * *
You take 38 damage, and have 26/135 hp.
MASSIVE DAMAGE!!
MP restored: 18 You can feel time thicken for a moment.
You kill the orc!
Cheibriados thoroughly appreciates the change of pace.
You kill the adder!
Cheibriados thoroughly appreciates the change of pace.
You feel somewhat more hungry. You block the bog body's attack.
The bog body touches you but does no damage.
You block the smoke demon's attack. The smoke demon hits you.
* * * LOW HITPOINT WARNING * * *
The smoke demon barely misses you.
The alligator snapping turtle bites you from afar!!!
You die...

#### ############ #### ##
..#...'.)..###...# .##
###...###...#...# ...#
#.+...+.##.....#### ..†#
..##'##..##..)##..##..# .
.##...##..+...#..........
.#.....#..#...#..3)#..#..
.'.....'..'...')@nt)Y.)†.
.#.....#..#...#)).)#..#..
)##...##..+.).#).........
.)##'##..##..)##..##†.# .
#.))..+.##.....#### ...#
###...###...#...# ...#
..#...'....###...# .##
############ #### ##


You could see an alligator snapping turtle, a bog body, a smoke demon and a
dream sheep.

Vanquished Creatures
  An alligator snapping turtle (D)
  An unseen horror (D)
  An orc knight (D)
  A deep elf mage (D)
  An elephant (D)
  A spiny frog (D)
  A kobold demonologist (D)
  An ice devil (D)
  2 efreet (D)
  A tyrant leech (D)
  A bog body (D)
  2 dream sheep (D)
  A hippogriff (D)
  A flying skull (D)
  A spriggan (D)
  2 wyverns (D)
  Eustachio (D)
  A tarantella (D)
  3 wraiths (D)
  A steam dragon (D)
  4 vampire mosquitoes (D)
  Menkaure (D)
  A warg (D)
  3 wolves (D)
  A scorpion (D)
  A killer bee (D)
  3 wights (D)
  2 crimson imps (D)
  A jelly (D)
  4 orc priests (D)
  2 iron imps (D)
  6 orc wizards (D)
  2 adders (D)
  A river rat (D)
  An ufetubus (D)
  3 oozes (D)
  An adder zombie (D)
  An adder simulacrum (D)
  9 orcs (D)
  A ball python (D)
  A bat zombie (D)
  2 giant cockroaches (D)
  A goblin (D)
  A hobgoblin (D)
  5 jackals (D)
  A jackal skeleton (D)
84 creatures vanquished.

Vanquished Creatures (others)
  A dream sheep (D)
  2 jackals (D)
3 creatures vanquished.

Grand Total: 87 creatures vanquished

Notes
Turn   | Place    | Note
-------+----------+-------------------------------------------
     0 | D        | Redear the Ogre Fighter began the quest for the Orb.
     0 | D        | Reached XP level 1. HP: 24/24 MP: 1/1
    15 | D        | Reached skill level 3 in Dodging
    15 | D        | Reached skill level 3 in Shields
    44 | D        | Found a glowing golden altar of the Shining One.
    44 | D        | Found a glowing silver altar of Zin.
    44 | D        | Found a basalt altar of Yredelemnul.
    44 | D        | Found a shimmering altar of Xom.
    44 | D        | Found an ornate altar of the Wu Jian Council.
    44 | D        | Found a bloodstained altar of Trog.
    44 | D        | Found a deep blue altar of Sif Muna.
    44 | D        | Found a sacrificial altar of Ru.
    44 | D        | Found a stormy altar of Qazlal.
    44 | D        | Found an iron altar of Okawaru.
    44 | D        | Found a sparkling altar of Nemelex Xobeh.
    44 | D        | Found a burning altar of Makhleb.
    44 | D        | Found a viscous altar of Jiyva.
    44 | D        | Found a hazy altar of Hepliaklqana.
    44 | D        | Found an opulent altar of Gozag.
    44 | D        | Found a blossoming altar of Fedhas.
    44 | D        | Found a white marble altar of Elyvilon.
    44 | D        | Found a shadowy altar of Dithmenos.
    44 | D        | Found a snail-covered altar of Cheibriados.
    45 | D        | Found a radiant altar of Vehumet.
    45 | D        | Found a corrupted altar of Lugonu.
    45 | D        | Found a roughly hewn altar of Beogh.
    46 | D        | Found an ancient bone altar of Kikubaaqudgha.
    46 | D        | Found a hide-covered altar of Uskayaw.
    46 | D        | Found a shattered altar of Ashenzari.
    52 | D        | Became a worshipper of Cheibriados the Contemplative
    67 | D        | Reached * piety under Cheibriados
    67 | D        | Reached XP level 2. HP: 33/33 MP: 2/2
    76 | D        | Reached skill level 5 in Fighting
    76 | D        | Reached skill level 3 in Polearms
    80 | D        | Reached ** piety under Cheibriados
    87 | D        | Reached XP level 3. HP: 31/42 MP: 3/3
   108 | D        | Reached *** piety under Cheibriados
   113 | D        | Reached skill level 4 in Dodging
   113 | D        | Reached skill level 4 in Shields
   116 | D        | Reached **** piety under Cheibriados
   116 | D        | Reached skill level 6 in Fighting
   116 | D        | Reached skill level 4 in Polearms
   116 | D        | Reached XP level 4. HP: 37/53 MP: 4/4
   227 | D        | Noticed a warg
   228 | D        | Noticed a flying skull
   246 | D        | Killed a flying skull
   246 | D        | Reached skill level 8 in Fighting
   246 | D        | Reached skill level 6 in Polearms
   246 | D        | Reached skill level 6 in Dodging
   246 | D        | Reached skill level 6 in Shields
   246 | D        | Reached XP level 5. HP: 37/66 MP: 5/5
   246 | D        | Reached XP level 6. HP: 41/74 MP: 6/6
   246 | D        | Noticed Menkaure
   250 | D        | Reached skill level 9 in Fighting
   254 | D        | Killed a warg
   254 | D        | Reached skill level 7 in Polearms
   255 | D        | Reached ***** piety under Cheibriados
   264 | D        | Killed Menkaure
   264 | D        | Reached skill level 10 in Fighting
   264 | D        | Reached skill level 7 in Dodging
   264 | D        | Reached skill level 7 in Shields
   264 | D        | Reached XP level 7. HP: 34/87 MP: 7/7
   272 | D        | Reached skill level 8 in Polearms
   523 | D        | Reached ****** piety under Cheibriados
   523 | D        | Reached skill level 11 in Fighting
   544 | D        | Killed an unseen horror
   544 | D        | Reached skill level 12 in Fighting
   544 | D        | Reached skill level 9 in Polearms
   544 | D        | Reached skill level 8 in Dodging
   544 | D        | Reached skill level 8 in Shields
   544 | D        | Reached XP level 8. HP: 53/98 MP: 8/8
   790 | D        | Noticed a kobold demonologist
   795 | D        | Noticed a sun demon
   803 | D        | Killed a kobold demonologist
   803 | D        | Reached skill level 9 in Dodging
   803 | D        | Reached skill level 9 in Shields
   803 | D        | Reached skill level 2 in Invocations
   805 | D        | Reached skill level 3 in Invocations
   805 | D        | Reached skill level 10 in Polearms
   805 | D        | Reached XP level 9. HP: 68/109 MP: 8/11
   805 | D        | Reached skill level 13 in Fighting
   805 | D        | Reached skill level 4 in Invocations
   881 | D        | Noticed Eustachio
   886 | D        | Killed Eustachio
   917 | D        | Noticed an elephant
   927 | D        | Reached skill level 1 in Unarmed Combat
   927 | D        | Reached skill level 5 in Invocations
   934 | D        | Killed an elephant
   934 | D        | Reached skill level 10 in Dodging
   934 | D        | Reached skill level 10 in Shields
   934 | D        | Reached skill level 2 in Unarmed Combat
  1031 | D        | Noticed an orc knight
  1046 | D        | Killed an orc knight
  1046 | D        | Reached skill level 14 in Fighting
  1046 | D        | Reached skill level 3 in Unarmed Combat
  1046 | D        | Reached skill level 6 in Invocations
  1175 | D        | Noticed an ice devil
  1182 | D        | Killed an ice devil
  1182 | D        | Reached XP level 10. HP: 122/122 MP: 13/15
  1191 | D        | Reached skill level 4 in Unarmed Combat
  1194 | D        | Reached skill level 7 in Invocations
  1199 | D        | Noticed a deep elf mage
  1207 | D        | Killed a deep elf mage
  1225 | D        | Noticed an alligator snapping turtle
  1333 | D        | Reached skill level 11 in Dodging
  1333 | D        | Reached skill level 11 in Shields
  1333 | D        | Reached skill level 5 in Unarmed Combat
  1333 | D        | Reached skill level 8 in Invocations
  1336 | D        | Reached skill level 15 in Fighting
  1519 | D        | Killed an alligator snapping turtle
  1519 | D        | Reached skill level 6 in Unarmed Combat
  1519 | D        | Reached skill level 9 in Invocations
  1799 | D        | Noticed a spiny frog
  1800 | D        | Reached XP level 11. HP: 119/135 MP: 11/17
  1802 | D        | Reached skill level 16 in Fighting
  1802 | D        | Reached skill level 7 in Unarmed Combat
  1804 | D        | Noticed an alligator snapping turtle
  1808 | D        | Demolished by an alligator snapping turtle

Levels and vault maps discovered:
D:        pitsprint [storerooms_1, entrance_room_1, metal_vault_6, armoury_3,
          mini_pit_1, grid_room_1, main_hall_1, silver_pit, the_coven_3,
          the_vestibule_1, steel_vault_4, golden_pit, hallway_of_sentries,
          crystal_vault_5, iron_vault_3, final_vault]

Skill      XL: |  1  2  3  4  5  6  7  8  9 10 11 |
---------------+----------------------------------+-----
Dodging        | 3 4 6 7 8 9 10 11 | 11.9
Shields        | 3 4 6 7 8 9 10 11 | 11.9
Fighting       | 5 6 8 10 12 14 15 16 | 16.0
Polearms       | 3 4 6 7 9 10 | 10.4
Invocations    | 3 6 9 |  9.8
Unarmed Combat | 3 6 7 |  7.1

Action                   |  1- 3 |  4- 6 |  7- 9 | 10-12 || total
-------------------------+-------+-------+-------+-------++-------
Melee: Trident           |    45 |    27 |    74 |    61 ||   207
Invok: Slouch            |       |       |     3 |     9 ||    12
  Use: Potion            |     1 |     4 |       |     1 ||     6
Armor: Robe              |     5 |       |     4 |     2 ||    11
Dodge: Dodged            |    17 |    16 |    24 |    30 ||    87
Block: Shield            |    18 |    14 |    40 |    33 ||   105

Table legend:
 A = Non-vault XP
 B = Vault XP
 C = Vault XP percentage of total XP
 D = Non-vault monster count
 E = Vault monster count
 F = Vault count percentage of total count
                 A         B        C        D         E       F
            +---------+---------+-------+---------+---------+-------
      Total |       0 |   10892 | 100.0 |       0 |      84 | 100.0
            +---------+---------+-------+---------+---------+-------
          D |       0 |   10892 | 100.0 |       0 |      84 | 100.0
            +---------+---------+-------+---------+---------+-------
